 Dungeon Crawl Stone Soup version 0.26-a0-810-ge1a9524b62 (webtiles) character file.

Game seed: 16187743388971318824

652 strifetoe the Cleaver (level 7, 0/57 HPs)
             Began as a Hill Orc Fighter on Nov 13, 2020.
             Was a Believer of Beogh.
             Slain by Menkaure (8 damage)
             ... on level 6 of the Dungeon.
             The game lasted 00:05:41 (5601 turns).

strifetoe the Cleaver (Hill Orc Fighter)            Turns: 5601, Time: 00:05:41

Health: 0/57       AC: 12    Str: 20    XL:     7   Next: 54%
Magic:  12/12      EV:  3    Int:  9    God:    Beogh [**....]
Gold:   295        SH:  9    Dex: 10    Spells: 6/6 levels left

rFire    . . .     SeeInvis .   w - +2 hand axe (drain)
rCold    . . .     Faith    .   c - +0 kite shield
rNeg     . . .     Spirit   .   n - +0 plate armour
rPois    .         Reflect  .   f - +0 helmet
rElec    .         Harm     .   (no cloak)
rCorr    .         Rampage  .   (no gloves)
MR       .....     Rnd*Tele +   (no boots)
Stlth    ..........             u - amulet of magic regeneration
HPRegen  0.19/turn              k - ring of teleportation
MPRegen  0.38/turn              v - ring of flight

@: mighty, hasted, very quick
A: no striking features
a: Smiting, Renounce Religion, Evoke Flight


You were on level 6 of the Dungeon.
You worshipped Beogh.
Beogh was pleased with you.
You visited 1 branch of the dungeon, and saw 6 of its levels.

You collected 295 gold pieces.

Inventory:

Hand Weapons
 a - a +1 war axe
 w - a +2 hand axe of draining (weapon)
Armour
 b - a +0 scale mail
 c - a +0 kite shield (worn)
 f - a +0 helmet (worn)
 n - a +0 plate armour (worn)
Jewellery
 e - an uncursed ring of see invisible
 k - a ring of teleportation (left hand)
 u - an amulet of magic regeneration (around neck)
 v - a ring of flight (right hand)
Wands
 r - a wand of random effects (3)
Scrolls
 h - a scroll of enchant armour {unknown}
 j - 2 scrolls of identify
 m - a scroll of remove curse
 q - a scroll of immolation
 y - a scroll of noise {unknown}
 A - a scroll of amnesia {unknown}
 B - a scroll of fog {unknown}
 C - a scroll of acquirement {unknown}
Potions
 d - 2 potions of might
 g - 2 potions of curing
 i - 3 potions of attraction
 l - a potion of haste
 o - a potion of flight {unknown}
 p - a potion of magic {unknown}
 s - a potion of ambrosia {unknown}
 t - a potion of cancellation {unknown}
 x - a potion of invisibility {unknown}
 z - a potion of mutation {unknown}


   Skills:
 - Level 3.6 Fighting
 + Level 8.0 Axes
 - Level 3.2 Armour
 - Level 3.3 Shields
 + Level 6.9 Invocations


You had 6 spell levels left.
You didn't know any spells.
Your spell library contained the following spells:

 Spells                   Type           Power        Failure   Level
 Magic Dart               Conj           #...         100%        1
 Blink                    Tloc           N/A          100%        2
 Call Imp                 Summ           #.......     100%        2
 Slow                     Hex            #.......     100%        2
 Conjure Flame            Conj/Fire      #.......     100%        3
 Mephitic Cloud           Conj/Pois/Air  #.......     100%        3


Dungeon Overview and Level Annotations

Branches:
Dungeon (6/15)
 Temple: D:4-7

Altars:
Ashenzari
Elyvilon
Hepliaklqana
Makhleb
Nemelex Xobeh
Okawaru
Qazlal

Annotations:
D:6 Menkaure


Message History

Menkaure mumbles, "From dust you came, to dust you will return."
Menkaure hits you!
You slash Menkaure!
Menkaure is heavily damaged.
Menkaure points at you and mumbles some strange words.
Pain shoots through your body!
* * * LOW HITPOINT WARNING * * *
You hit Menkaure.
Menkaure is heavily damaged.
Menkaure hits you!
* * * LOW HITPOINT WARNING * * *
Menkaure shouts, "You disturbed my rest!
Die!"
You block Menkaure's attack.
Unknown command.
You feel very mighty all of a sudden. Menkaure hits you but does no damage.
It was a potion of haste.
You feel yourself speed up. Menkaure breathes soot at you. Menkaure hits you!
You die...

#.# ... #.# .# #.# #.#
#... #.# #.# #... # #.#
..( ....
#.##.####.####.#.###...
#...<.@M)).....#....gg.
####.####.######.# #g.
# #....g.g.# #.##
########.###.g.
...........###
############


You could see Menkaure (fast).

Vanquished Creatures
  A necrophage (D:3)
  A gnoll sergeant (D:6)
  An orc priest (D:4)
  2 hounds (D:5)
  An orc wizard (D:4)
  3 worker ants
  Natasha (twice) (D:3)
  Robin (D:3)
  8 adders
  7 gnolls
  3 worms
  3 dart slugs (D:2)
  3 leopard geckos
  10 orcs
  7 bats
  2 giant cockroaches
  17 goblins
  12 hobgoblins
  5 jackals
  2 quokkas
  2 frilled lizards
  3 kobolds
  8 rats
104 creatures vanquished.

Vanquished Creatures (others)
  A worm (D:3)
  A bat (D:3)
  A hobgoblin (D:3)
3 creatures vanquished.

Grand Total: 107 creatures vanquished

Notes
Turn   | Place    | Note
-------+----------+-------------------------------------------
     0 | D:1      | strifetoe the Hill Orc Fighter began the quest for the Orb.
     0 | D:1      | Reached XP level 1. HP: 19/19 MP: 1/1
    81 | D:1      | Reached skill level 3 in Axes
   155 | D:2      | Reached XP level 2. HP: 26/26 MP: 2/2
   188 | D:3      | Became a worshipper of Beogh the Brigand
   542 | D:1      | Reached skill level 4 in Axes
   542 | D:1      | Reached skill level 1 in Invocations
   691 | D:1      | Reached XP level 3. HP: 31/31 MP: 2/4
  1650 | D:2      | Reached XP level 4. HP: 37/39 MP: 4/6
  2021 | D:2      | Reached skill level 5 in Axes
  2055 | D:2      | Reached * piety under Beogh
  2363 | D:3      | Noticed Robin
  2375 | D:3      | Killed Robin
  2375 | D:3      | Reached XP level 5. HP: 25/45 MP: 7/7
  2764 | D:3      | Noticed a necrophage
  2780 | D:3      | Killed a necrophage
  2780 | D:3      | Reached skill level 6 in Axes
  2780 | D:3      | Reached XP level 6. HP: 47/51 MP: 7/9
  2803 | D:3      | Found a stormy altar of Qazlal.
  2804 | D:3      | Noticed Natasha
  2809 | D:3      | Killed Natasha
  2810 | D:3      | Reached skill level 5 in Invocations
  2816 | D:3      | Found a white marble altar of Elyvilon.
  2820 | D:3      | Found a sparkling altar of Nemelex Xobeh.
  3023 | D:3      | Found a burning altar of Makhleb.
  3038 | D:3      | Noticed Natasha
  3044 | D:3      | Killed Natasha
  3451 | D:4      | Found a broken altar of Ashenzari.
  3570 | D:4      | Reached skill level 7 in Axes
  3950 | D:4      | Reached XP level 7. HP: 52/57 MP: 11/11
  4275 | D:5      | Entered Level 5 of the Dungeon
  4344 | D:5      | Found an iron altar of Okawaru.
  4603 | D:5      | Found a hazy altar of Hepliaklqana.
  4695 | D:5      | Reached ** piety under Beogh
  4991 | D:6      | Noticed Menkaure
  5170 | D:6      | Reached skill level 8 in Axes
  5601 | D:6      | Slain by Menkaure

Illustrated notes

Levels and vault maps discovered:
D:1:      shiori_arrival_oz, layout_loops_ring
D:2:      layout_loops_corners
D:3:      layout_basic, bloody_makhleb, minmay_overflow_temple_star_quad,
          uniq_robin, uniq_natasha
D:4:      layout_basic, overflow_temple_1_default
D:5:      layout_loops_ring, kennysheep_little_box, okawaru_gym_becter
D:6:      layout_loops_ring, nicolae_qazlal_general_emergency, uniq_menkaure

Skill      XL: |  1  2  3  4  5  6  7 |
---------------+----------------------+-----
Axes           | 3 4 5 6 7 8 |  8.0
Invocations    | 1 2 3 4 5 6 |  6.9
Fighting       | |  3.6
Armour         | |  3.2
Shields        | |  3.3

Action                   |  1- 3 |  4- 6 |  7- 9 || total
-------------------------+-------+-------+-------++-------
Melee: War axe           |   104 |   152 |     4 ||   260
       Hand axe          |       |       |    51 ||    51
Invok: Convert to Beogh  |     1 |       |       ||     1
Evoke: Wand              |       |       |    11 ||    11
  Use: Scroll            |       |     8 |       ||     8
       Potion            |       |       |     2 ||     2
 Stab: Paralysed         |       |       |     1 ||     1
Armor: Scale mail        |    53 |       |       ||    53
       Plate armour      |     9 |   122 |    32 ||   163
Dodge: Dodged            |    21 |    20 |     9 ||    50
Block: Kite shield       |    60 |    76 |    38 ||   174

Table legend: (Time is in decaauts)
 A = Elapsed time spent in this place.
 B = Non-inter-level travel time spent in this place.
 C = Inter-level travel time spent in this place.
 D = Time resting spent in this place.
 E = Time spent auto-exploring this place.
 F = Levels seen in this place.
 G = Mean time per level.
                   A        B        C        D        E       F      G
               +--------+--------+--------+--------+--------+-----+--------+
         Total |   5695 |   5511 |    184 |   1037 |   3678 |   6 |  949.2 |
       Dungeon |   5695 |   5511 |    184 |   1037 |   3678 |   6 |  949.2 |
               +--------+--------+--------+--------+--------+-----+--------+

Top non-repeatable levels by time:
     D:5: 1243 daAuts
     D:2: 1203 daAuts
     D:1: 1171 daAuts
     D:4: 1159 daAuts
     D:3: 828 daAuts
     D:6: 89 daAuts
